 Dungeon Crawl Stone Soup version 0.28.0-47-ge53b351184 (webtiles) character file.

Game seed: 6646628622368507787

891 Peloso the Slasher (level 7, -2/61 HPs)
             Began as a Minotaur Fighter on Apr 29, 2022.
             Was a Follower of Okawaru.
             Slain by a wyvern zombie (11 damage)
             ... on level 6 of the Dungeon.
             The game lasted 00:05:13 (4349 turns).

Peloso the Slasher (Minotaur Fighter)               Turns: 4349, Time: 00:05:14

Health: -2/61      AC: 10    Str: 21    XL:     7   Next: 77%
Magic:  6/6        EV:  8    Int:  5    God:    Okawaru [*.....]
Gold:   217        SH:  5    Dex: 11    Spells: 6/6 levels left

rFire   . . .      SeeInvis .   a - +0 long sword
rCold   + . .      Faith    .   c - +0 buckler
rNeg    . . .      Spirit   .   j - +0 chain mail
rPois   .          Reflect  .   (helmet restricted)
rElec   .          Harm     .   (no cloak)
rCorr   .          Rampage  .   (no gloves)
Will    .....                   (no boots)
Stlth   ..........              (no amulet)
HPRegen 0.20/turn               m - ring of protection from cold
MPRegen 0.10/turn               (no ring)

@: no status effects
A: horns 2, retaliatory headbutt
a: Renounce Religion, Heroism


You were on level 6 of the Dungeon.
You worshipped Okawaru.
Okawaru was aware of your devotion.
You visited 2 branches of the dungeon, and saw 7 of its levels.

You collected 217 gold pieces.

Inventory:

Hand Weapons
 a - a +0 long sword (weapon)
Armour
 b - a +0 scale mail
 c - a +0 buckler (worn)
 j - a +0 chain mail (worn)
Jewellery
 m - a ring of protection from cold (left hand)
 q - a ring of wizardry
 r - a +6 ring of dexterity
Wands
 l - a wand of flame (12)
 o - a wand of polymorph (2)
 s - a wand of iceblast (3)
Scrolls
 e - 2 scrolls of amnesia
 g - a scroll of immolation {unknown}
 h - a scroll of fear {unknown}
 k - 2 scrolls of fog
 p - a scroll of noise
Potions
 d - a potion of might
 i - 2 potions of flight
 n - a potion of heal wounds


   Skills:
 + Level 5.4 Fighting
 + Level 7.5 Long Blades
 + Level 6.8 Armour
 + Level 1.2 Dodging
 + Level 4.7 Shields


You had 6 spell levels left.
You didn't know any spells.
Your spell library was empty.

Dungeon Overview and Level Annotations

Branches:
Dungeon (6/15)             Temple (1/1) D:4

Altars:
Makhleb
Okawaru
Sif Muna

Shops:
D:3 =   D:5 (


Innate Abilities, Weirdness & Mutations

You have a pair of horns on your head.
You reflexively headbutt those who attack you in melee.


Message History

The black bear is heavily wounded.
The wyvern zombie completely misses you.
The black bear bites you but does no damage.
The black bear claws you.
The black bear claws you but does no damage.
You hit the black bear.
The black bear is severely wounded.
The wyvern zombie bites you!
The wyvern zombie bites you but does no damage.
You block the black bear's attack.
The black bear claws you but does no damage. x2
You barely miss the black bear. Your headbutt misses the black bear.
The black bear is severely wounded.
The wyvern zombie bites you but does no damage.
You block the black bear's attack. The black bear claws you. x2
You hit the black bear but do no damage.
You headbutt the black bear.
The black bear is almost dead.
The wyvern zombie barely misses you.
The black bear goes berserk!
The wyvern zombie bites you!
You slash the black bear!
You kill the black bear!
Okawaru accepts your kill. The wyvern zombie barely misses you.
Found a stone staircase leading down.
The wyvern zombie bites you.
* * * LOW HITPOINT WARNING * * *
You see here a black bear corpse.
The wyvern zombie bites you!
* * * LOW HITPOINT WARNING * * *
The wyvern zombie bites you but does no damage.
You hit the wyvern zombie. You headbutt the wyvern zombie!
The wyvern zombie is heavily damaged.
The wyvern zombie barely misses you.
You hit the wyvern zombie.
The wyvern zombie is severely damaged.
You block the wyvern zombie's attack.
You hit the wyvern zombie.
The wyvern zombie is severely damaged.
The wyvern zombie bites you!
You die...

# .# #### ###########.#
..> ............
###.####.# #....#
#........# #..[.#
#.....Z..# #....#
#....@†..# #.##<#
#..........####.##.#
#.............#.##.#...
..........###..........
.#.#......# #.#.#.#.#..
......##### #..........
.#.#.. #.#.#.#.##.
...... ..........
...#.#.#...#


You could see a wyvern zombie.

Vanquished Creatures
  Edmund (D:4)
  Duvessa (D:4)
  A black bear (D:6)
  A centaur (D:5)
  A scorpion (D:5)
  A wyvern skeleton (D:5)
  Dowan (D:4)
  3 hounds
  2 iguanas (D:5)
  An orc wizard (D:4)
  A hound skeleton (D:5)
  Robin (D:2)
  2 adders (D:2)
  6 gnolls
  A worm (D:4)
  2 dart slugs
  9 orcs
  6 ball pythons
  4 endoplasms
  2 giant cockroaches
  8 goblins
  7 hobgoblins
  A kobold (D:1)
  6 quokkas
  2 bats
  3 frilled lizards
  5 rats
79 creatures vanquished.

Notes
Turn   | Place    | Note
-------+----------+-------------------------------------------
     0 | D:1      | Peloso the Minotaur Fighter began the quest for the Orb.
     0 | D:1      | Reached XP level 1. HP: 19/19 MP: 0/0
   336 | D:1      | Reached XP level 2. HP: 24/27 MP: 1/1
   602 | D:1      | Reached skill level 3 in Long Blades
   602 | D:1      | Reached XP level 3. HP: 33/33 MP: 2/2
   763 | D:1      | Found a faded altar of an unknown god.
  1526 | D:2      | Reached XP level 4. HP: 40/40 MP: 3/3
  1709 | D:2      | Noticed Robin
  1717 | D:2      | Killed Robin
  1969 | D:3      | Found an iron altar of Okawaru.
  1969 | D:3      | Found a burning altar of Makhleb.
  2013 | D:3      | Reached skill level 4 in Long Blades
  2069 | D:3      | Became a worshipper of Warmaster Okawaru
  2265 | D:3      | Reached XP level 5. HP: 43/46 MP: 4/4
  2381 | D:3      | Found Xunuam's Jewellery Shop.
  2647 | D:4      | Found a staircase to the Ecumenical Temple.
  2788 | D:4      | Reached skill level 5 in Armour
  2859 | D:4      | Noticed Duvessa
  2859 | D:4      | Noticed Dowan
  2895 | Temple   | Entered the Ecumenical Temple
  2925 | D:4      | Killed Duvessa
  2926 | D:4      | Reached skill level 5 in Long Blades
  2926 | D:4      | Reached XP level 6. HP: 43/53 MP: 5/5
  2933 | D:4      | Killed Dowan
  3160 | D:4      | Found a shimmering blue altar of Sif Muna.
  3245 | D:4      | Noticed Edmund
  3260 | D:4      | Killed Edmund
  3260 | D:4      | Reached * piety under Okawaru
  3261 | D:4      | Reached skill level 6 in Long Blades
  3261 | D:4      | Reached skill level 1 in Dodging
  3539 | D:5      | Entered Level 5 of the Dungeon
  3568 | D:5      | Reached skill level 5 in Fighting
  3568 | D:5      | Reached XP level 7. HP: 31/61 MP: 6/6
  3844 | D:5      | Reached skill level 7 in Long Blades
  4065 | D:5      | Found Qodgheh's Weapon Shop.
  4349 | D:6      | Slain by a wyvern zombie

Illustrated notes

Levels and vault maps discovered:
D:1:      lightli_arrival_farm, layout_basic, ebering_ecumenical_altar_petrified
D:2:      layout_loops_ring, uniq_robin
D:3:      layout_rooms, minitemple, serial_shops, nicolae_shop_stone
D:4:      layout_cave_pools, kennysheep_mini_moat,
          minmay_temple_entry_drinking_statues, roderic_three_in_a_row,
          uniq_duvessa, uniq_edmund
D:5:      layout_rooms, serial_shops, shop
D:6:      layout_basic, serial_glass, glass_columns_a, glass_columns_b,
          glass_columns_b, minmay_strange_pillars, kennysheep_pointless_box,
          kennysheep_generic_room_14, uniq_blork_the_orc, uniq_grinder
Temple:   mainiacjoe_temple_bowtie_tessellation

Skill      XL: |  1  2  3  4  5  6  7 |
---------------+----------------------+-----
Armour         | 4 5 6 |  6.8
Shields        | 4 |  4.7
Long Blades    | 3 4 5 6 7 |  7.5
Fighting       | 4 5 |  5.4
Dodging        | 1 |  1.2

Action                   |  1- 3 |  4- 6 |  7- 9 || total
-------------------------+-------+-------+-------++-------
Melee: Long sword        |    71 |   119 |    51 ||   241
       Headbutt          |     5 |    26 |     8 ||    39
  Use: Scroll            |     1 |     3 |     2 ||     6
Armor: Scale mail        |    37 |     9 |       ||    46
       Chain mail        |       |    45 |    44 ||    89
Dodge: Dodged            |    33 |    34 |    29 ||    96
Block: Buckler           |    14 |    23 |    11 ||    48
